 Dungeon Crawl Stone Soup version 0.31-a0-208-gdb31a4691d (webtiles) character file.

Game seed: 7639812126871980387

349 Anon1729 the Shooter (level 6, -4/38 HPs)
             Began as a Kobold Hunter on June 28, 2023.
             Killed from afar by an orc wizard (10 damage)
             ... with a magic dart
             ... on level 4 of the Dungeon.
             The game lasted 00:01:38 (2850 turns).

Anon1729 the Shooter (Kobold Hunter)                Turns: 2850, Time: 00:01:38

Health: -4/38      AC:  4    Str:  8    XL:     6   Next: 92%
Magic:  6/6        EV: 16    Int: 10    God:
Gold:   184        SH:  0    Dex: 21    Spells: 5/5 levels left

rFire   . . .        a - +0 shortbow
rCold   . . .        (shield currently unavailable)
rNeg    . . .        c - +0 leather armour
rPois   .            e - +0 helmet
rElec   .            s - scarf {+Inv}
rCorr   .            (no gloves)
SInv    .            (no boots)
Will    .....        (no amulet)
Stlth   ++++         (no ring)
HPRegen 0.26/turn    (no ring)
MPRegen 0.10/turn

%: no passive effects
@: no status effects
A: small, no large weapons, nightstalker 3
a: Evoke Invisibility


You were on level 4 of the Dungeon.
You visited 1 branch of the dungeon, and saw 4 of its levels.

You collected 184 gold pieces.

Inventory:

Hand Weapons
 a - a +0 shortbow (weapon)
Missiles
 t - a throwing net
Armour
 c - a +0 leather armour (worn)
 e - a +0 helmet (worn)
 s - a scarf of invisibility (worn)
Jewellery
 m - a +6 ring of dexterity
 q - an amulet of guardian spirit
 u - a ring of see invisible
Wands
 v - a wand of flame (8)
Scrolls
 b - a scroll of butterflies
 d - a scroll of teleportation {unknown}
 f - a scroll of revelation {unknown}
 g - a scroll of torment {unknown}
 i - a scroll of fear {unknown}
 j - a scroll of immolation {unknown}
 l - a scroll of enchant weapon {unknown}
 n - a scroll of identify {unknown}
 o - a scroll of blinking {unknown}
Potions
 h - 3 potions of curing {unknown}
 k - a potion of attraction {unknown}
 p - 2 potions of heal wounds {unknown}
 r - a potion of mutation {unknown}


   Skills:
 + Level 4.0 Fighting
 + Level 6.8 Ranged Weapons
 + Level 4.5 Dodging
 + Level 4.8 Stealth


You had 5 spell levels left.
You didn't know any spells.
Your spell library was empty.

Dungeon Overview and Level Annotations

Branches:
Dungeon (4/15)
 Temple: D:4-7

Altars:
Cheibriados
Wu Jian


Innate Abilities, Weirdness & Mutations

You are small and have problems with some larger weapons.
You are completely attuned to the shadows.


Message History

You are too injured to fight recklessly!
You are too injured to fight recklessly!
You are too injured to fight recklessly!
You are too injured to fight recklessly!
You are too injured to fight recklessly!
You are too injured to fight recklessly!
You are too injured to fight recklessly!
You are too injured to fight recklessly!
You are too injured to fight recklessly!
Fire: a) +0 shortbow
Press: ? - help, Q - select action, (/) - cycle Shift-Dir - straight line, f - orc
Aim: an orc, wielding a +0 trident (67% to hit)
You shoot an arrow. The arrow hits the orc.
The orc is lightly wounded.
The orc misses you. Something hits you but does no damage.
Fire: a) +0 shortbow
Press: ? - help, Q - select action, (/) - cycle Shift-Dir - straight line, f/p - orc
Aim: an orc, wielding a +0 trident (lightly wounded, 67% to hit)
You shoot an arrow. The arrow hits the orc.
The orc is moderately wounded.
Something hits you but does no damage. The orc misses you.
The orc hits you from afar with a +0 trident!
* * * LOW HITPOINT WARNING * * *
Something hits you.
* * * LOW HITPOINT WARNING * * *
Fire: a) +0 shortbow
Press: ? - help, Q - select action, (/) - cycle Shift-Dir - straight line, f/p - orc
Aim: an orc, wielding a +0 trident (moderately wounded, 67% to hit)
You shoot an arrow. The arrow closely misses the orc.
Something hits you.
* * * LOW HITPOINT WARNING * * *
The orc misses you.
Fire: a) +0 shortbow
Press: ? - help, Q - select action, (/) - cycle Shift-Dir - straight line, f/p - orc
Aim: an orc, wielding a +0 trident (moderately wounded, 67% to hit)
You shoot an arrow. The arrow barely misses the orc.
You hear some strange, mumbled words.
A magic dart appears from out of thin air!
The magic dart hits you!
You die...

.....#.........#.......#.........
#....#.........#..##...#.........
#....######....#..##...#.........
#.....#...#....#..######...(.....
#.....'...'....# .......
#....###..#....# ...##
#....###..#....# ..
#.........#....####..
#>........#.....@).).
#.........#.....{)o.. #.
+.........#.......... #.
#.........#.......... ........#.
#...####..#....###### #.......#.
#...####..# +.......#.
..........# #.......#'
..........# #.........
#...##....# #####.........


You could see an orc.

Vanquished Creatures
  A phantom (D:4)
  2 hounds (D:4)
  An orc priest (D:4)
  A gnoll bouda (D:4)
  Ijyb (D:4)
  An orc wizard (D:4)
  3 gnolls (D:4)
  An adder (D:2)
  A worm (D:2)
  3 dart slugs
  3 orcs
  5 bats
  6 endoplasms
  3 giant cockroaches
  4 goblins
  6 hobgoblins
  8 kobolds
  2 quokkas
  5 ball pythons
  A frilled lizard (D:1)
  9 rats
67 creatures vanquished.

Notes
Turn   | Place    | Note
-------+----------+-------------------------------------------
     0 | D:1      | Anon1729 the Kobold Hunter began the quest for the Orb.
     0 | D:1      | Reached XP level 1. HP: 12/12 MP: 1/1
    85 | D:1      | Reached XP level 2. HP: 14/18 MP: 2/2
   577 | D:1      | Reached XP level 3. HP: 22/22 MP: 3/3
  1223 | D:2      | Reached XP level 4. HP: 24/27 MP: 4/4
  1935 | D:3      | Identified the +5 morningstar of Pyhe Bugos {freeze, *Rage
                  | rPois Dex+3}
  1963 | D:3      | Found an ornate altar of the Wu Jian Council.
  2109 | D:3      | Found a snail-covered altar of Cheibriados.
  2184 | D:4      | Noticed a phantom
  2195 | D:4      | Killed a phantom
  2196 | D:4      | Reached skill level 6 in Ranged Weapons
  2196 | D:4      | Reached XP level 5. HP: 19/32 MP: 5/5
  2291 | D:4      | Reached XP level 6. HP: 37/37 MP: 6/6
  2737 | D:4      | Noticed Ijyb
  2745 | D:4      | Killed Ijyb
  2850 | D:4      | Killed from afar by an orc wizard

Illustrated notes

Levels and vault maps discovered:
D:1:      dpeg_arrival_houses_and_road, layout_basic
D:2:      layout_loops_cross, grunt_ministairs_12, roderic_serpentine_path
D:3:      layout_rooms, mainiacjoe_overflow_surrounded_room,
          nzn_wu_jian_contemplation, minivault_14, reono_crystal_passage
D:4:      minmay_chambers_of_fours, layout_gridville, dk_noncrumbling_3,
          uniq_ijyb, uniq_blork_the_orc

Skill      XL: |  1  2  3  4  5  6 |
---------------+-------------------+-----
Stealth        | 2 3 4 |  4.8
Dodging        | 3 4 |  4.5
Fighting       | 3 4 |  4.0
Ranged Weapons | 6 |  6.8

Action                     |  1- 3 |  4- 6 || total
---------------------------+-------+-------++-------
   Fire: Shortbow          |    90 |   137 ||   227
 Armour: Leather armour    |    13 |    22 ||    35
  Dodge: Dodged            |    33 |    61 ||    94

Table legend: (Time is in decaauts)
 A = Elapsed time spent in this place.
 B = Non-inter-level travel time spent in this place.
 C = Inter-level travel time spent in this place.
 D = Time resting spent in this place.
 E = Time spent auto-exploring this place.
 F = Levels seen in this place.
 G = Mean time per level.
                   A        B        C        D        E       F      G
               +--------+--------+--------+--------+--------+-----+--------+
         Total |   2884 |   2813 |     71 |      3 |   2411 |   4 |  721.0 |
       Dungeon |   2884 |   2813 |     71 |      3 |   2411 |   4 |  721.0 |
               +--------+--------+--------+--------+--------+-----+--------+

Top non-repeatable levels by time:
     D:1: 860 daAuts
     D:2: 848 daAuts
     D:4: 681 daAuts
     D:3: 493 daAuts
